 Dungeon Crawl Stone Soup version 0.19-a0-659-g8260ecf (webtiles) character file.

7110 tyrsky the Cleaver (level 10, -6/91 HPs)
             Began as a Minotaur Fighter on June 14, 2016.
             Was an Elder of Okawaru.
             Mangled by an 11-headed hydra (8 damage)
             ... on level 10 of the Dungeon on June 15, 2016.
             The game lasted 00:17:23 (8570 turns).

tyrsky the Cleaver (Minotaur Fighter)               Turns: 8570, Time: 00:17:24

Health: -6/91      AC: 16    Str: 23    XL:     10   Next: 85%
Magic:  0/9        EV: 12    Int:  5    God:    Okawaru [****..]
Gold:   394        SH:  0    Dex: 11    Spells: 0 memorised, 9 levels left

rFire  + . .     SeeInvis .     a - +1 war axe
rCold  . . .     Gourm    .     b - +0 scale mail
rNeg   . . .     Faith    .     c - +1 shield
rPois  .         Spirit   +     (helmet restricted)
rElec  .         Dismiss  .     y - +0 cloak
rCorr  .         Reflect  .     t - +0 pair of gloves
SustAt .         Harm     .     (no boots)
MR     .....                    s - amulet of guardian spirit
Stlth  ..........               u - +5 ring of protection
                                p - ring of protection from fire

@: confused, not resistant to hostile enchantments, extremely unstealthy
A: retaliatory headbutt, horns 2
a: Heroism, Renounce Religion


You were on level 10 of the Dungeon.
You worshipped Okawaru.
Okawaru was greatly pleased with you.
You were not hungry.

You visited 1 branch of the dungeon, and saw 11 of its levels.

You collected 594 gold pieces.
You spent 200 gold pieces at shops.

Inventory:

Hand Weapons
 a - a +1 war axe (weapon)
Armour
 b - a +0 scale mail (worn)
 c - a +1 shield (worn)
 t - a +0 pair of gloves (worn)
 y - a +0 cloak (worn)
Jewellery
 p - a ring of protection from fire (left hand)
 s - an amulet of guardian spirit (around neck)
 u - a +5 ring of protection (right hand)
 G - an uncursed ring of sustain attributes {unknown}
Wands
 B - a wand of lightning (15/15)
 Q - a wand of acid (10/15)
Scrolls
 e - 3 scrolls of identify {@*1}
 k - 3 scrolls of enchant armour
 m - 4 scrolls of immolation
 n - 2 scrolls of remove curse
 o - 2 scrolls of teleportation
 v - 3 scrolls of amnesia
 w - a scroll of summoning {unknown}
 F - a scroll of silence {unknown}
 H - a scroll of blinking {unknown}
 I - a scroll of noise {unknown}
 K - a scroll of fear {unknown}
 M - a scroll of magic mapping {unknown}
 N - 2 scrolls of enchant weapon
 O - 2 scrolls of recharging
Potions
 d - a potion of might
 h - 5 potions of curing
 i - a potion of cure mutation
 j - a potion of agility {unknown}
 l - a potion of lignification
 q - 2 potions of brilliance {unknown}
 x - 3 potions of magic {unknown}
 A - 2 potions of beneficial mutation {unknown}
 E - a potion of cancellation {unknown}
Books
 r - a book of Transfigurations

   Spells                             Type                      Level
   a - Irradiate                      Conjuration/Transmutation    5
   b - Statue Form                    Transmutation/Earth          6
   c - Hydra Form                     Transmutation                6
   d - Dragon Form                    Transmutation                7
 z - a book of Callings

   Spells                             Type                      Level
   a - Summon Small Mammal            Summoning                    1
   b - Call Imp                       Summoning                    2
   c - Call Canine Familiar           Summoning                    3
   d - Summon Guardian Golem          Hexes/Summoning              3
   e - Summon Lightning Spire         Summoning/Air                4
   f - Summon Ice Beast               Ice/Summoning                4
Comestibles
 f - 3 bread rations
 g - 4 slices of pizza
 J - 4 meat rations
 L - 2 fruits
 P - 11 chunks of flesh


   Skills:
 + Level 9.0 Fighting
 * Level 11.5 Axes
 + Level 9.0 Armour
 + Level 7.4 Dodging
 + Level 9.1 Shields


You had 9 spell levels left.
You didn't know any spells.

Dungeon Overview and Level Annotations

Branches:
Dungeon (11/15)            Temple (0/1) D:7             Orc (0/2) D:9
   Lair: D:8-11

Altars:
Dithmenos
Elyvilon
Gozag
Kikubaaqudgha
Okawaru
Pakellas
Sif Muna
Uskayaw
Vehumet
Xom

Shops:
D:5 !   D:7 !!   D:8 }


Innate Abilities, Weirdness & Mutations

You reflexively headbutt those who attack you in melee.
You have a pair of horns on your head.


Message History

The ten-headed hydra bites you but does no damage.
You hit the ten-headed hydra. You headbutt the ten-headed hydra.
The ten-headed hydra is heavily wounded.
The ten-headed hydra bites you.
* * * LOW HITPOINT WARNING * * *
The ten-headed hydra bites you.
* * * LOW HITPOINT WARNING * * *
The ten-headed hydra bites you but does no damage.
The ten-headed hydra barely misses you. The ten-headed hydra bites you.
* * * LOW HITPOINT WARNING * * *
The ten-headed hydra bites you!
* * * LOW HITPOINT WARNING * * *
The ten-headed hydra bites you but does no damage. x4
You slice one of the ten-headed hydra's heads off!
The nine-headed hydra grows two more!
You slice the 11-headed hydra!!
The 11-headed hydra is severely wounded.
The 11-headed hydra bites you!
* * * LOW HITPOINT WARNING * * *
The 11-headed hydra barely misses you. x2; The 11-headed hydra bites you!
You die...

########### #.........#
#.#######H#
#####...(...#D###
####[).....(...)S..######
....(###..####[.........#
...### #..#
###.#.####)#### #..# #..#
#......(....# #..# #..#
#........##.# #..# #..##
#..####.....#
#..#####...#
#..####.###.#


You could see a 11-headed hydra and a water moccasin.

Vanquished Creatures
  A cyclops (D:9)
  Joseph (D:8)
  A gargoyle (D:10)
  A centaur skeleton (D:11)
  A shadow (D:11)
  4 yaks (D:11)
  5 ice beasts
  A phantom (D:8)
  7 orc warriors
  A black bear (D:6)
  A necrophage (D:10)
  A wasp (D:10)
  9 ogres
  5 centaurs
  A crocodile (D:10)
  3 giant frogs
  5 scorpions
  A water moccasin skeleton (D:9)
  7 killer bees
  3 howler monkeys
  8 wights
  A centaur zombie (D:5)
  2 giant frog zombies
  2 hounds
  4 jellies
  Crazy Yiuf (D:6)
  A giant frog skeleton (D:9)
  2 iguanas
  4 orc priests
  7 orc wizards
  6 worker ants
  2 killer bee zombies
  Robin (D:4)
  14 adders
  A shadow imp (D:11)
  3 adder skeletons
  A worm (D:4)
  2 dart slugs (D:2)
  9 giant geckos
  40 orcs
  9 bats
  4 giant cockroaches
  18 goblins
  10 hobgoblins
  7 jackals
  11 kobolds
  2 quokkas (D:7)
  2 ball pythons (D:3)
  A giant gecko skeleton (D:9)
  8 giant newts
  A jackal skeleton (D:7)
  A quokka skeleton (D:6)
  A quokka zombie (D:5)
  7 rats
252 creatures vanquished.

Notes
Turn   | Place    | Note
--------------------------------------------------------------
     0 | D:1      | tyrsky the Minotaur Fighter began the quest for the Orb.
     0 | D:1      | Reached XP level 1. HP: 19/19 MP: 0/0
   266 | D:1      | Reached XP level 2. HP: 26/27 MP: 1/1
   306 | D:1      | Reached skill level 3 in Axes
   746 | D:2      | Found an oddly glowing altar of Pakellas.
   774 | D:2      | Reached XP level 3. HP: 33/33 MP: 2/2
   775 | D:2      | Reached skill level 1 in Dodging
   865 | D:2      | Found an ancient bone altar of Kikubaaqudgha.
  1028 | D:2      | Found a deep blue altar of Sif Muna.
  1432 | D:3      | Reached XP level 4. HP: 37/40 MP: 3/3
  1589 | D:3      | Found a shimmering altar of Xom.
  1702 | D:3      | Found a shimmering altar of Xom.
  1703 | D:3      | Found a shimmering altar of Xom.
  2117 | D:3      | Reached skill level 4 in Axes
  2186 | D:3      | Reached XP level 5. HP: 42/46 MP: 2/4
  2389 | D:4      | Noticed Robin
  2403 | D:4      | Killed Robin
  2454 | D:4      | Noticed an ogre
  2841 | D:4      | Noticed an ogre
  2858 | D:4      | Killed an ogre
  2970 | D:4      | Reached XP level 6. HP: 51/53 MP: 3/5
  3020 | D:4      | Reached skill level 5 in Axes
  3118 | D:5      | Entered Level 5 of the Dungeon
  3369 | D:5      | Found Coafiopp's Distillery.
  3372 | D:5      | Bought 2 potions of heal wounds for 130 gold pieces
  3376 | D:5      | Reached skill level 5 in Fighting
  3376 | D:5      | Reached skill level 5 in Armour
  3602 | D:5      | Found an iron altar of Okawaru.
  3609 | D:5      | Found a radiant altar of Vehumet.
  3674 | D:5      | Became a worshipper of Warmaster Okawaru
  3846 | D:5      | Reached skill level 5 in Shields
  3846 | D:5      | Reached XP level 7. HP: 58/61 MP: 4/6
  3976 | D:5      | Reached skill level 6 in Axes
  4292 | D:6      | Reached * piety under Okawaru
  4449 | D:6      | Reached XP level 8. HP: 64/70 MP: 3/7
  4463 | D:6      | Reached skill level 7 in Axes
  4482 | D:6      | Noticed Crazy Yiuf
  4491 | D:6      | Killed Crazy Yiuf
  4650 | D:6      | Found a shadowy altar of Dithmenos.
  5087 | D:7      | Found a staircase to the Ecumenical Temple.
  5089 | D:7      | Found Lufaj's Distillery.
  5113 | D:7      | Reached ** piety under Okawaru
  5131 | D:7      | Reached skill level 8 in Axes
  5176 | D:7      | Reached skill level 5 in Dodging
  5176 | D:7      | Reached XP level 9. HP: 72/78 MP: 8/8
  5219 | D:7      | Found Sisatip's Distillery.
  5223 | D:7      | Bought a potion of heal wounds for 70 gold pieces
  5251 | D:7      | Found a hide-covered altar of Uskayaw.
  5777 | D:8      | Reached skill level 9 in Axes
  5888 | D:8      | Noticed Joseph
  5895 | D:8      | Killed Joseph
  5895 | D:8      | Reached *** piety under Okawaru
  6098 | D:8      | Found Patiedd's Gadget Shop.
  6297 | D:8      | Reached skill level 10 in Axes
  6573 | D:8      | Found a white marble altar of Elyvilon.
  6705 | D:9      | Found a staircase to the Orcish Mines.
  6793 | D:9      | Noticed a cyclops
  6812 | D:9      | Reached XP level 10. HP: 61/88 MP: 7/9
  6817 | D:9      | Killed a cyclops
  6817 | D:9      | Reached **** piety under Okawaru
  7225 | D:9      | Found an opulent altar of Gozag.
  7297 | D:10     | Entered Level 10 of the Dungeon
  7328 | D:10     | Noticed a gargoyle
  7339 | D:10     | Killed a gargoyle
  7754 | D:10     | Upgraded the game from 0.19-a0-644-gd04d753 to 0.19-a0-659-g8260ecf
  8197 | D:11     | Reached skill level 11 in Axes
  8372 | D:11     | Noticed a hill giant
  8548 | D:11     | Noticed a six-headed hydra
  8549 | D:11     | Noticed a four-headed hydra
  8569 | D:10     | HP: 2/91 [ten-headed hydra (7)]
  8570 | D:10     | Mangled by an 11-headed hydra

Vault maps used:
D:1:      co_arrival_two_rings, nrook_mini_vaults, due_unseen_surprise
D:2:      lemuel_crystal_altar, nicolae_overflow_hidden_temple, led_sif_pool
D:3:      kennysheep_six_static_rooms, lemuel_crystal_altar, first_bread,
          xom_redecorated
D:4:      uniq_robin
D:5:      amethyst_overflow_temple_binary, serial_shops, kennysheep_mini_moat
D:6:      lemuel_coloured_pillars_altar, uniq_crazy_yiuf_cottage
D:7:      eat_drink_and_be_merry_uskayaw, minmay_temple_entry_junction2,
          serial_shops, shop_statue, shop, hangedman_minor_gate_pass
D:8:      kennysheep_mini, serial_shops, nicolae_shop_stone, uniq_joseph
D:9:      nicolae_gozag_seed_capital
D:11:     erik_lair_dragon, the_bakery

Skill      XL: |  1  2  3  4  5  6  7  8  9 10 |
---------------+-------------------------------+-----
Axes           | 3 4 5 6 8 10 11 | 11.5
Shields        | 4 5 6 8 9 |  9.1
Dodging        | 1 2 3 5 6 7 |  7.4
Fighting       | 4 5 6 7 9 |  9.0
Armour         | 4 5 6 8 9 |  9.0

Action                   |  1- 3 |  4- 6 |  7- 9 | 10-12 || total
-------------------------+-------+-------+-------+-------++-------
Melee: War axe           |    67 |   138 |   311 |   223 ||   739
       Headbutt          |    10 |    15 |    69 |    50 ||   144
Throw: Tomahawk          |    50 |    22 |       |       ||    72
Invok: Heroism           |       |       |     2 |     3 ||     5
  Use: Scroll            |       |    13 |       |       ||    13
       Potion            |       |       |       |     6 ||     6
  Eat: Chunk             |     1 |     7 |     4 |     7 ||    19
       Meat ration       |       |       |     1 |       ||     1
       Beef jerky        |       |       |     1 |       ||     1
Armor: Scale mail        |    27 |    58 |    95 |    80 ||   260
Dodge: Dodged            |    32 |    41 |    88 |    95 ||   256
Block: Shield            |    30 |    65 |   164 |   135 ||   394
